 Dungeon Crawl Stone Soup version 0.29.0-10-g45618ea6d2 (webtiles) character file.

Game seed: 7343416186524697183

23 smilodon the Trooper (level 2, 0/24 HPs)
             Began as a Demonspawn Fighter on Sept 2, 2022.
             Was a Follower of Vehumet.
             Slain by a gnoll
             ... wielding a +0 spear
              (8 damage)
             ... on level 2 of the Dungeon.
             The game lasted 00:01:27 (1119 turns).

smilodon the Trooper (Demonspawn Fighter)           Turns: 1119, Time: 00:01:28

Health: 0/24       AC:  6    Str: 16    XL:     2   Next: 75%
Magic:  2/2        EV:  8    Int:  9    God:    Vehumet [*.....]
Gold:   30         SH:  4    Dex: 12    Spells: 1/1 levels left

rFire   . . .      SeeInvis .   j - +0 dagger (vamp)
rCold   . . .      Faith    .   c - +0 buckler
rNeg    . . .      Spirit   .   b - +0 scale mail
rPois   .          Reflect  .   (no helmet)
rElec   .          Harm     .   (no cloak)
rCorr   .          Rampage  .   (no gloves)
Will    .....                   (no boots)
Stlth   ..........              (no amulet)
HPRegen 0.08/turn               (no ring)
MPRegen 0.08/turn               (no ring)

@: no status effects
A: demonic guardian 1
a: Renounce Religion


You were on level 2 of the Dungeon.
You worshipped Vehumet.
Vehumet was aware of your devotion.
You visited 1 branch of the dungeon, and saw 2 of its levels.

You collected 30 gold pieces.

Inventory:

Hand Weapons
 a - a +0 war axe
 j - a +0 vampiric dagger (weapon)
Missiles
 f - a throwing net (quivered)
Armour
 b - a +0 scale mail (worn)
 c - a +0 buckler (worn)
Scrolls
 g - a scroll of silence
 h - a scroll of identify {unknown}
 k - a scroll of noise {unknown}
Potions
 d - a potion of might


   Skills:
 + Level 3.3 Fighting
 * Level 0.1 Short Blades
 - Level 2.1 Axes
 + Level 2.9 Armour
 + Level 2.9 Shields


You had one spell level left.
You didn't know any spells.
Your spell library was empty.

Dungeon Overview and Level Annotations

Branches:
Dungeon (2/15)

Altars:
Vehumet


Innate Abilities, Weirdness & Mutations

A weak demonic guardian rushes to your aid.


Message History

The gnoll is lightly wounded.
The gnoll completely misses you. The gnoll closely misses you.
You barely miss the gnoll.
The gnoll is lightly wounded.
You block the gnoll's attack. The gnoll closely misses you.
You closely miss the gnoll.
The gnoll is lightly wounded.
The gnoll barely misses you.
You hit the gnoll.
You feel better.
The gnoll is moderately wounded.
The gnoll barely misses you.
You barely miss the gnoll.
The gnoll is moderately wounded.
You block the gnoll's attack. The gnoll closely misses you.
You closely miss the gnoll.
The gnoll is moderately wounded.
The gnoll barely misses you.
The gnoll hits you from afar with a +0 spear.
You hit the gnoll.
You feel better.
The gnoll is moderately wounded.
The gnoll hits you with a +0 club. The gnoll hits you but does no damage.
You hit the gnoll.
You feel better.
The gnoll is heavily wounded.
The gnoll hits you from afar with a +0 spear!
The gnoll closely misses you.
You closely miss the gnoll.
The gnoll is heavily wounded.
The gnoll closely misses you. The gnoll hits you with a +0 club.
You closely miss the gnoll.
The gnoll is heavily wounded.
The gnoll hits you with a +0 club. You block the gnoll's attack.
You hit the gnoll.
You feel better.
The gnoll is severely wounded.
The gnoll closely misses you.
The gnoll hits you from afar with a +0 spear.
* * * LOW HITPOINT WARNING * * *
You barely miss the gnoll.
The gnoll is severely wounded.
The gnoll hits you from afar with a +0 spear!
You die...

#.......#
#.......#
#.......#
#.......#
#.......#
#..g....#
#g# #g#
#@# #.#
########.#
#<.......#
##########


You could see 3 gnolls.

Vanquished Creatures
  3 ball pythons (D:1)
  An endoplasm (D:1)
  4 goblins (D:1)
  4 kobolds (D:1)
  2 quokkas (D:1)
  A bat (D:1)
  4 frilled lizards (D:1)
  4 rats (D:1)
23 creatures vanquished.

Notes
Turn   | Place    | Note
-------+----------+-------------------------------------------
     0 | D:1      | smilodon the Demonspawn Fighter began the quest for the
                  | Orb.
     0 | D:1      | Reached XP level 1. HP: 18/18 MP: 1/1
   152 | D:1      | Found a faded altar of an unknown god.
   172 | D:1      | Gained mutation: A weak demonic guardian rushes to your
                  | aid. [demonic ancestry]
   172 | D:1      | Reached XP level 2. HP: 18/24 MP: 2/2
   172 | D:1      | Prayed at the altar of an unknown god.
   172 | D:1      | Became a worshipper of Vehumet
   172 | D:1      | Reached * piety under Vehumet
   172 | D:1      | Offered knowledge of Foxfire by Vehumet.
  1119 | D:2      | Slain by a gnoll

Illustrated notes

Levels and vault maps discovered:
D:1:      psy_arrival_statuary, layout_basic,
          hellmonk_ecumenical_altar_crossroads
D:2:      layout_basic, chequers_serial_rivers_room_b, dk_noncrumbling_4

Skill      XL: |  1  2 |
---------------+-------+-----
Axes           | 2 |  2.1
Fighting       | |  3.3
Short Blades   | |  0.1
Armour         | |  2.9
Shields        | |  2.9

Action                   || total
-------------------------++-------
Melee: War axe           ||    37
       Dagger            ||    41
  Use: Potion            ||     3
       Scroll            ||     1
Armor: Scale mail        ||    40
Dodge: Dodged            ||    38
Block: Buckler           ||    15
